 Dungeon Crawl Stone Soup version bcrawl-1.12-8-g964540c432 (webtiles) character file.

Game seed: 10292656088572877084

28 MisterOstroum the Sneak (level 3, 29/29 HPs)
             Began as a Demonspawn Archaeologist on June 6, 2019.
             Quit the game on level 2 of the Dungeon.
             The game lasted 00:03:13 (1159 turns).

MisterOstroum the Sneak (Demonspawn Archaeologist)  Turns: 1159, Time: 00:03:13

Health: 29/29      AC: 11    Str: 12    XL:     3   Next: 0%
Magic:  3/3        EV:  9    Int: 15    God:
Gold:   93         SH:  0    Dex: 11    Spells: 2/2 levels left

rFire    . . .     SeeInvis .   j - +0 hand axe
rCold    . . .     Gourm    .   (no shield)
rNeg     . . .     Faith    .   n - +0 scale mail
rPois    .         Spirit   .   b - +1 hat
rElec    .         Reflect  .   (no cloak)
rCorr    .         Harm     .   d - +1 pair of gloves
MR       .....                  c - +1 pair of boots
Stlth    +.........             (no amulet)
HPRegen  0.09/turn              (no ring)
MPRegen  0.08/turn              (no ring)

@: studying Shields
A: claws 1
a: no special abilities


You were on level 2 of the Dungeon.
You were not hungry.

You visited 1 branch of the dungeon, and saw 2 of its levels.

You collected 93 gold pieces.

Inventory:

Hand Weapons
 j - a +0 hand axe (weapon)
 l - a +0 whip
 m - a +0 short sword
Missiles
 i - 163 bolts
 q - 88 stones (quivered)
Armour
 a - a +1 robe
 b - a +1 hat (worn)
 c - a +1 pair of boots (worn)
 d - a +1 pair of gloves (worn)
 n - a +0 scale mail (worn)
Scrolls
 o - a scroll of teleportation {unknown}
 r - a scroll of immolation {unknown}
 t - 2 scrolls of fog
Potions
 h - a potion of curing {unknown}
 p - a potion of lignification {unknown}
 s - 2 potions of brilliance {unknown}
Books
 g - a manual of Shields
Miscellaneous
 f - an ancient crate
Comestibles
 e - 3 rations {!d}
 u - 2 chunks of flesh


   Skills:
 + Level 3.0 Fighting
 - Level 2.6 Dodging
 - Level 3.0 Stealth


You had 2 spell levels left.
You didn't know any spells.
Your spell library was empty.

Dungeon Overview and Level Annotations

Branches:
Dungeon (2/12)

Altars:


Innate Abilities, Weirdness & Mutations

You have sharp fingernails.


Message History

No target in view!
No target in view!
No target in view!
No target in view!
No target in view!
No target in view!
No target in view!
No target in view!
No target in view!
No target in view!
HP restored.
You butcher the ball python corpse.
u - 2 chunks of flesh You see here a ball python skeleton. x2
e - 3 rations {!d} (gained 1)
A quokka comes into view.
Found a dented ruby amulet.
A quokka is nearby!
Throwing (i - inventory)
q - 90 stones (quivered)
Press: ? - help, Shift-Dir - straight line, f - quokka
Aim: a quokka You throw a stone.
The stone barely misses the quokka.
No target in view!
No target in view!
No target in view!
The quokka is too close now for your liking.
You hit the quokka.
The quokka is almost dead.
The quokka completely misses you.
The quokka bites you but does no damage.
Your scale mail prevents you from hitting the quokka.
The quokka is severely wounded.
The quokka bites you but does no damage.
You hit the quokka.
You kill the quokka!
No target in view!
You see here a robe.
v - a dented ruby amulet
As you read the scroll labeled MIUBRO APSAKHI, it crumbles to dust.
The scroll dissolves into smoke.
It was a scroll of fog.
As you read the scroll labeled ILUDGH CABI, it crumbles to dust.
It is a scroll of identify.
v - a cursed amulet of inaccuracy Drop what? 21/52 slots (_ for help) (? for menu, Esc to quit)
You drop a cursed amulet of inaccuracy.
Found a stone staircase leading down.
A frilled lizard and a leopard gecko come into view.
The leopard gecko hisses angrily.
The frilled lizard hisses angrily.
The frilled lizard moves out of view.
A leopard gecko is nearby!
A kobold comes into view.
The kobold shouts!
The kobold moves out of view.
Throwing (i - inventory)
q - 89 stones (quivered)
Press: ? - help, Shift-Dir - straight line, f - frilled lizard
Aim: a frilled lizard You throw a stone.
The stone hits the frilled lizard but does no damage.
The frilled lizard bites you but does no damage.
You hit the frilled lizard.
You kill the frilled lizard!
You miss the leopard gecko.
The leopard gecko bites you but does no damage.
You barely miss the leopard gecko.
The leopard gecko bites you but does no damage.
The leopard gecko barely misses you.
You hit the leopard gecko.
The leopard gecko is lightly wounded.
The leopard gecko closely misses you.
You hit the leopard gecko.
The leopard gecko is heavily wounded.
The leopard gecko bites you but does no damage. x2
The leopard gecko bites you but does no damage.
You barely miss the leopard gecko.
The leopard gecko is heavily wounded.
The leopard gecko bites you but does no damage.
You hit the leopard gecko.
The leopard gecko is severely wounded.
The leopard gecko barely misses you.
The leopard gecko bites you but does no damage.
You hit the leopard gecko.
You kill the leopard gecko!
Your Fighting skill increases to level 3!
You hit the kobold.
The kobold is severely wounded.
The kobold hits you but does no damage. x2
You barely miss the kobold.
The kobold is severely wounded.
The kobold barely misses you.
You closely miss the kobold.
The kobold is severely wounded.
The kobold barely misses you.
You hit the kobold.
You kill the kobold!
You have reached level 3!
Your experience leads to an increase in your attributes!
Increase (S)trength, (I)ntelligence, or (D)exterity?
You feel stronger.
You have an epiphany!
The dusty tome is a manual of Shields!
Reading it may be key to unlocking the crate...
Are you sure you want to abandon this character and quit the game? (Confirm with "yes".)

# .... ≈≈≈≈≈.. .. ##..#
≈≈≈≈≈≈. .>.
...#######♣PP≈≈P≈≈.
#...## ..... ..#≈P≈≈≈≈≈≈.
#...##..# #...♣≈≈≈≈≈..
#.....####....≈P≈≈≈..
#...........P≈PP≈P.
≈≈.≈≈.†#†##.......♣≈≈≈≈≈.
≈≈≈≈P..#@## #.....♣♣≈≈≈♣.
≈≈≈≈≈P♣#..# ##<....♣≈≈P♣.
≈≈≈≈.≈ ##"###......≈≈≈≈≈.
≈.≈≈.. #§..§........♣P♣..
≈≈.≈≈P.#§[####......#≈#..
..PP......####.......##..
.....##...########....#
.........####.##
####...... .........#
#..###>.....###


There were no monsters in sight!

Vanquished Creatures
  An ooze (D:2)
  A dart slug (D:1)
  2 leopard geckos (D:2)
  A bat (D:1)
  2 giant cockroaches
  A hobgoblin (D:1)
  A quokka (D:2)
  A ball python (D:2)
  A frilled lizard (D:2)
  3 goblins
  5 kobolds
  2 rats (D:1)
21 creatures vanquished.

Notes
Turn   | Place    | Note
-------+----------+-------------------------------------------
     0 | D:1      | MisterOstroum the Demonspawn Archaeologist began the quest
                  | for the Orb.
     0 | D:1      | Reached XP level 1. HP: 15/15 MP: 1/1
   441 | D:1      | Gained mutation: You have sharp fingernails. [demonic
                  | ancestry]
   441 | D:1      | Reached XP level 2. HP: 21/22 MP: 2/2
  1158 | D:2      | Reached XP level 3. HP: 29/29 MP: 3/3
  1159 | D:2      | Quit the game

Skill      XL: |  1  2 |
---------------+-------+-----
Fighting       | 2 3 |  3.0
Dodging        | |  2.6
Stealth        | |  3.0

Action                   || total
-------------------------++-------
Melee: Unarmed           ||    57
       Hand axe          ||    76
Throw: Stone             ||    13
  Use: Scroll            ||     2
 Stab: Sleeping          ||     1
  Eat: Chunk             ||     1
Armor: Robe              ||    24
       Scale mail        ||    34
Dodge: Dodged            ||    83
